 Dungeon Crawl Stone Soup version 0.32-a0-675-gdc239d62e1 (webtiles) character file.

Game seed: 1602408894511856570

48 Fodor the Trooper (level 3, 0/33 HPs)
             Began as a Minotaur Fighter on Mar 11, 2024.
             Slain by a gnoll
             ... wielding a +0 halberd
              (6 damage)
             ... on level 2 of the Dungeon.
             The game lasted 00:02:09 (670 turns).

Fodor the Trooper (Minotaur Fighter)                 Turns: 670, Time: 00:02:09

Health: 0/33       AC:  9    Str: 20    XL:     3   Next: 50%
Magic:  2/2        EV:  8    Int: 11    God:
Gold:   58         SH:  9    Dex: 11    Spells: 2/2 levels left

rFire   . . .        a - +0 war axe
rCold   . . .        c - +0 buckler
rNeg    . . .        b - +0 chain mail
rPois   .            (helmet restricted)
rElec   .            (no cloak)
rCorr   .            (no gloves)
SInv    .            (no boots)
Will    .....        h - amulet of reflection Stlth
                     e - +6 ring of intelligence
HPRegen 0.25/turn    (no ring)
MPRegen 0.08/turn

%: reflection
@: no status effects
A: horns 2, retaliatory headbutt
a: no special abilities


You were on level 2 of the Dungeon.
You visited 1 branch of the dungeon, and saw 2 of its levels.

You collected 58 gold pieces.

Inventory:

Hand Weapons
 a - a +0 war axe (weapon)
Armour
 b - a +0 chain mail (worn)
 c - a +0 buckler (worn)
Jewellery
 e - a +6 ring of intelligence (left hand)
 h - an amulet of reflection (around neck)
Scrolls
 f - a scroll of amnesia {unknown}
 g - a scroll of acquirement {unknown}
Potions
 d - a potion of might
 i - 2 potions of brilliance {unknown}


   Skills:
 + Level 4.2 Fighting
 + Level 3.1 Axes
 + Level 4.1 Armour
 + Level 0.9 Dodging
 + Level 4.0 Shields


You had 2 spell levels left.
You didn't know any spells.
Your spell library was empty.

Dungeon Overview and Level Annotations

Branches:
Dungeon (2/15)

Altars:


Innate Abilities, Weirdness & Mutations

You have a pair of horns on your head.
You reflexively headbutt those who attack you in melee.


Message History

The gnoll hits you with a +0 whip.
The gnoll hits you from afar with a +0 spear.
You block the gnoll's attack.
You hit the gnoll.
You kill the gnoll!
The gnoll barely misses you.
Your Axes skill increases to level 3!
The gnoll hits you but does no damage.
The gnoll hits you from afar with a +0 halberd!
Things that are here:
a +0 whip; a gnoll corpse You slash the gnoll!
Your headbutt misses the gnoll.
The gnoll is heavily wounded.
The gnoll hits you but does no damage.
The gnoll hits you from afar with a +0 halberd!
You block the gnoll's attack.
The gnoll hits you from afar with a +0 halberd.
* * * LOW HITPOINT WARNING * * *
You closely miss the gnoll. You headbutt the gnoll.
The gnoll is almost dead.
You block the gnoll's attack.
The gnoll hits you from afar with a +0 halberd.
* * * LOW HITPOINT WARNING * * *
You slash the gnoll!
You kill the gnoll!
You block the bat's attack. The bat hits you but does no damage.
You block the gnoll's attack.
Your Shields skill increases to level 4!
You closely miss the bat. The bat hits you but does no damage. x2
The gnoll closely misses you. The bat hits you.
* * * LOW HITPOINT WARNING * * *
The gnoll barely misses you.
You closely miss the bat. You headbutt the bat.
The bat is moderately wounded.
You block the bat's attack. The gnoll barely misses you.
You block the bat's attack.
You hit the bat.
You kill the bat!
The gnoll hits you from afar with a +0 halberd.
You die...

#.# #.#.#.
#.#.# #.#
#.<.. #...#
..####.# ###.#
#.###
#....<.###
#.#.#####.#
..#######..
#.......# ....
######..#
.....## ##..#
.......###...#
......g)@....#
.......###..##
.....## #..#
.... #..# ...
...# .. ##.##
# #.# #.#


You could see a gnoll.

Vanquished Creatures
  2 gnolls (D:2)
  A dart slug (D:2)
  3 bats
  4 endoplasms
  3 goblins (D:1)
  2 hobgoblins
  A kobold (D:1)
  A quokka (D:1)
  4 ball pythons (D:1)
  A frilled lizard (D:1)
  6 rats
28 creatures vanquished.

Notes
Turn   | Place    | Note
-------+----------+-------------------------------------------
     0 | D:1      | Fodor the Minotaur Fighter began the quest for the Orb.
     0 | D:1      | Reached XP level 1. HP: 19/19 MP: 0/0
   245 | D:1      | Reached XP level 2. HP: 20/27 MP: 1/1
   648 | D:2      | Reached XP level 3. HP: 33/33 MP: 2/2
   670 | D:2      | Slain by a gnoll

Illustrated notes

Levels and vault maps discovered:
D:1:      wander_arrival_fairy_ring, layout_basic
D:2:      layout_loops_ring, uniq_robin

Skill      XL: |  1  2  3 |
---------------+----------+-----
Fighting       | 4 |  4.2
Armour         | 4 |  4.1
Axes           | 3 |  3.1
Shields        | 4 |  4.0
Dodging        | |  0.9

Action                     || total
---------------------------++-------
  Melee: War axe           ||    56
         Headbutt          ||     9
 Armour: Scale mail        ||    13
         Chain mail        ||    60
  Dodge: Dodged            ||    29
  Block: Buckler           ||    24
         Reflection        ||     1

Table legend: (Time is in decaauts)
 A = Elapsed time spent in this place.
 B = Non-inter-level travel time spent in this place.
 C = Inter-level travel time spent in this place.
 D = Time resting spent in this place.
 E = Time spent auto-exploring this place.
 F = Levels seen in this place.
 G = Mean time per level.
                   A        B        C        D        E       F      G
               +--------+--------+--------+--------+--------+-----+--------+
         Total |    691 |    676 |     15 |    108 |    327 |   2 |  345.5 |
       Dungeon |    691 |    676 |     15 |    108 |    327 |   2 |  345.5 |
               +--------+--------+--------+--------+--------+-----+--------+

Top non-repeatable levels by time:
     D:1: 590 daAuts
     D:2: 100 daAuts
